[Event "December 12 Late 2023"]
[Site "https://www.chess.com"]
[Date "2023.12.12"]
[Round "5"]
[White "Nasuta, Grzegorz"]
[Black "Drygalov, Andrey"]
[Result "0-1"]
[Board "17"]
[TimeControl "180+1"]
[WhiteFideId "1141686"]
[BlackFideId "24171735"]
[WhiteElo "2692"]
[BlackElo "2997"]
[WhiteTeam "POL"]
[BlackTeam "RUS"]
[WhiteClock "0:00:06"]
[BlackClock "0:00:05"]

1. e4 c5 2. Nf3 d6 3. d4 cxd4 4. Nxd4 Nf6 5. Nc3 a6 6. Be2 e5 7. Nb3 Be7 8. Be3 Be6 9. Nd5 Nbd7 10. Qd3 O-O 11. O-O Bxd5 12. exd5 Rc8 13. c4 e4 14. Qd2 Ne5 15. Qb4 b5 16. Na5 bxc4 17. Bd4 Nxd5 18. Qa4 Nf4 19. Rfe1 Bf6 20. Bxe5 Bxe5 21. Nxc4 Qg5 22. g3 Nxe2+ 23. Rxe2 d5 24. Nb6 Rcd8 25. Rd1 Qg4 26. Red2 d4 27. Qxa6 Qe6 28. a4 e3 29. fxe3 Rb8 30. a5 dxe3 31. Re2 h5 32. Qd3 Qg4 33. Rxe3 Bxb2 34. Re4 Qg5 35. Nd7 Rbd8 36. a6 Rfe8 37. Rxe8+ Rxe8 38. Kg2 Qa5 39. Rd2 Bc1 40. Rc2 Bg5 41. Nc5 Rc8 42. Kh3 Rxc5 43. Rxc5 Qxc5 44. Qd7 Qc4 45. a7 Qf1# 0-1

[Event "December 12 Late 2023"]
[Site "https://www.chess.com"]
[Date "2023.12.12"]
[Round "5"]
[White "Bortnyk, Olexandr"]
[Black "Krallis, Christos"]
[Result "1-0"]
[Board "18"]
[TimeControl "180+1"]
[WhiteFideId "14120828"]
[BlackFideId "4298896"]
[WhiteElo "2980"]
[BlackElo "2676"]
[WhiteTeam "UKR"]
[BlackTeam "GRE"]
[WhiteClock "0:01:47"]
[BlackClock "0:00:09"]

1. e4 c5 2. c3 g6 3. d4 cxd4 4. cxd4 d5 5. exd5 Nf6 6. Nc3 Bg7 7. Bc4 O-O 8. Nge2 Nbd7 9. Nf4 Nb6 10. Bb3 Bf5 11. O-O Rc8 12. Re1 g5 13. Re5 Qd7 14. Ne6 fxe6 15. dxe6 Qd6 16. Rxf5 h6 17. h4 gxh4 18. Bf4 Qd8 19. Qd2 Nh7 20. Rf7 Bxd4 21. Bxh6 Bxc3 22. Qc2 Rxf7 23. exf7+ Kh8 24. Qg6 Qd6 25. Qg8+ 1-0

[Event "December 12 Late 2023"]
[Site "https://www.chess.com"]
[Date "2023.12.12"]
[Round "5"]
[White "Goryachkina, Aleksandra"]
[Black "Khismatullin, Denis"]
[Result "0-1"]
[Board "19"]
[TimeControl "180+1"]
[WhiteFideId "4147103"]
[BlackFideId "4142578"]
[WhiteElo "2669"]
[BlackElo "2953"]
[WhiteTeam "FID"]
[BlackTeam "RUS"]
[WhiteClock "0:00:00"]
[BlackClock "0:00:13"]

1. e4 c5 2. Nf3 d6 3. Bb5+ Bd7 4. Bxd7+ Qxd7 5. O-O Nf6 6. Re1 Nc6 7. c3 e6 8. d4 cxd4 9. cxd4 d5 10. e5 Ne4 11. a3 Be7 12. Nbd2 Nxd2 13. Bxd2 O-O 14. Re3 Rac8 15. Rc1 a6 16. Rd3 Na7 17. Rb1 Rc4 18. b3 Rc7 19. Ne1 Rfc8 20. Rh3 g6 21. Qg4 Nb5 22. Qf4 Bf8 23. Qh4 h5 24. g4 Nxd4 25. gxh5 Nf5 26. Qg4 Qe8 27. Nf3 Rc2 28. Bg5 Qb5 29. hxg6 fxg6 30. Bf6 Rc1+ 31. Ne1 Bg7 32. Qxg6 Rxb1 33. Qh7+ Kf7 34. Qh5+ Kf8 35. Bxg7+ Ke7 36. Bf6+ Kd7 37. Qf7+ Kc6 38. Qxe6+ Kc5 39. Qxf5 Rxe1+ 40. Kg2 Rg8+ 41. Kf3 Qe2+ 42. Kf4 Qxf2+ 43. Rf3 Qd4+ 0-1

[Event "December 12 Late 2023"]
[Site "https://www.chess.com"]
[Date "2023.12.12"]
[Round "5"]
[White "Bok, Benjamin"]
[Black "Goltsev, Dmitry"]
[Result "1-0"]
[Board "20"]
[TimeControl "180+1"]
[WhiteFideId "1017063"]
[BlackFideId "24176710"]
[WhiteElo "2934"]
[BlackElo "2668"]
[WhiteTeam "NED"]
[BlackTeam "RUS"]
[WhiteClock "0:00:12"]
[BlackClock "0:00:00"]

1. d4 e6 2. c4 d5 3. Nc3 Nf6 4. cxd5 exd5 5. Bg5 c6 6. e3 Be7 7. Bd3 h6 8. Bh4 Nbd7 9. Nge2 Nf8 10. f3 Ng6 11. Bf2 Be6 12. Qc2 Nf8 13. O-O N8d7 14. Nf4 O-O 15. e4 dxe4 16. fxe4 Ng4 17. Nxe6 fxe6 18. Qb3 Rxf2 19. Qxe6+ Kh8 20. Rxf2 Nxf2 21. Kxf2 Bf6 22. Ne2 Bxd4+ 23. Nxd4 Nc5 24. Qc4 Nxd3+ 25. Qxd3 c5 26. Rd1 cxd4 27. Qxd4 Qh4+ 28. Kg1 Rf8 29. e5 Qe7 30. Qd6 Qxd6 31. Rxd6 Re8 32. e6 Kg8 33. Kf2 Kf8 34. Kf3 Ke7 35. Rd7+ Kxe6 36. Rxb7 a5 37. Rxg7 Rb8 38. b3 a4 39. Rg6+ Kf5 40. Rxh6 axb3 41. g4+ Ke5 42. Rh5+ Kf6 43. axb3 Rxb3+ 44. Kf4 Rb4+ 45. Kg3 Rb2 46. Rf5+ Kg6 47. Rf3 Rb4 48. Ra3 Kh6 49. Ra6+ Kg7 50. Kh4 Rb8 51. h3 Rh8+ 52. Kg3 Kf7 53. g5 Kg7 54. Kg4 Rb8 55. h4 Rb4+ 56. Kh5 Rb7 57. Ra4 Kh7 58. Kg4 Rc7 59. h5 Rc1 60. Ra7+ Kg8 61. h6 Rc8 62. Re7 Kf8 63. Rd7 Kg8 64. Kf5 Rc6 65. Re7 Kh8 66. Re6 Rc8 67. g6 Rf8+ 68. Ke5 Ra8 69. Re7 Rb8 70. Rd7 Re8+ 71. Kd6 Rf8 72. g7+ 1-0

[Event "December 12 Late 2023"]
[Site "https://www.chess.com"]
[Date "2023.12.12"]
[Round "5"]
[White "Durarbayli, Vasif"]
[Black "Solon, Nathan"]
[Result "1-0"]
[Board "21"]
[TimeControl "180+1"]
[WhiteFideId "13402935"]
[BlackFideId "2017229"]
[WhiteElo "2909"]
[BlackElo "2661"]
[WhiteTeam "AZE"]
[BlackTeam "USA"]
[WhiteClock "0:00:05"]
[BlackClock "0:00:02"]

1. e4 c5 2. Nf3 Nf6 3. e5 Nd5 4. Nc3 e6 5. Ne4 f5 6. Nc3 Nb4 7. Bc4 a6 8. a3 N4c6 9. O-O b5 10. Ba2 Bb7 11. Re1 Be7 12. d4 cxd4 13. Nxd4 Nxd4 14. Qxd4 Nc6 15. Qd3 Qc7 16. Qg3 O-O 17. Bh6 Rf7 18. Nd5 Qd8 19. Nxe7+ Nxe7 20. Bg5 Qc7 21. Bxe7 Rxe7 22. Re2 Rc8 23. Rd1 Be4 24. c3 Bc6 25. Rd6 Qb6 26. h4 a5 27. h5 h6 28. Qf4 Rb8 29. Qxf5 b4 30. axb4 axb4 31. Qg6 Qa6 32. Bb1 Rf7 33. Bd3 Qa1+ 34. Kh2 bxc3 35. bxc3 Qxc3 36. Qh7+ Kf8 37. Bg6 Qc4 38. Bxf7 Qh4+ 39. Kg1 Rb1+ 40. Qxb1 1-0

[Event "December 12 Late 2023"]
[Site "https://www.chess.com"]
[Date "2023.12.12"]
[Round "5"]
[White "Chigaev, Maksim"]
[Black "Karacsonyi, Gellert"]
[Result "0-1"]
[Board "22"]
[TimeControl "180+1"]
[WhiteFideId "4108116"]
[BlackFideId "764620"]
[WhiteElo "2903"]
[BlackElo "2657"]
[WhiteTeam "ESP"]
[BlackTeam "HUN"]
[WhiteClock "0:00:03"]
[BlackClock "0:00:43"]

1. d4 Nf6 2. c4 e6 3. g4 d5 4. g5 Ne4 5. Bg2 Be7 6. h4 c6 7. Qd3 Nd6 8. cxd5 exd5 9. Nc3 O-O 10. Nf3 Bf5 11. Qd1 Nd7 12. Bf4 Ne4 13. Nd2 Nxd2 14. Qxd2 f6 15. a3 Nb6 16. b3 a5 17. a4 Qd7 18. Kf1 Rae8 19. Kg1 Bb4 20. e3 Nc8 21. Rc1 Nd6 22. Qe2 Ne4 23. Nxe4 Bxe4 24. Rh2 Bxg2 25. Rxg2 f5 26. Be5 f4 27. exf4 Rxf4 28. h5 Bd6 29. g6 h6 30. Qd2 Bxe5 31. dxe5 Rg4 32. f4 Rf8 33. Rf1 Qf5 34. Rxg4 Qxg4+ 35. Qg2 Qxh5 36. e6 Qf5 37. e7 Re8 38. Re1 Qf6 39. Qe2 Qxg6+ 40. Kf2 Qf6 41. Kg3 Kf7 42. Qh5+ Qg6+ 43. Qg5 hxg5 0-1

[Event "December 12 Late 2023"]
[Site "https://www.chess.com"]
[Date "2023.12.12"]
[Round "5"]
[White "Manukyan, Sargis A."]
[Black "Rasulov, Vugar"]
[Result "0-1"]
[Board "23"]
[TimeControl "180+1"]
[WhiteFideId "13303970"]
[BlackFideId "13402390"]
[WhiteElo "2642"]
[BlackElo "2893"]
[WhiteTeam "ARM"]
[BlackTeam "AZE"]
[WhiteClock "0:00:00"]
[BlackClock "0:00:21"]

1. d4 Nf6 2. c4 e6 3. Nc3 Bb4 4. e3 O-O 5. a3 Bxc3+ 6. bxc3 Nc6 7. Bd3 e5 8. Ne2 d5 9. cxd5 Qxd5 10. O-O Qd6 11. e4 Rd8 12. f4 exd4 13. e5 Qc5 14. exf6 dxc3+ 15. Kh1 Bf5 16. Ng3 Bxd3 17. Qg4 g6 18. Rg1 Re8 19. Qh4 Re6 20. a4 Qd4 21. Qh6 Qxf6 22. f5 Bxf5 23. Bg5 Qg7 24. Qh4 Qd4 25. Bf4 c2 26. Raf1 Bd3 27. Qg5 Rae8 28. Re1 Rxe1 29. Nf1 Rxf1 30. Be3 Rxg1+ 31. Bxg1 Qe5 0-1

[Event "December 12 Late 2023"]
[Site "https://www.chess.com"]
[Date "2023.12.12"]
[Round "5"]
[White "Kovalev, Vladislav"]
[Black "Vlassov, Nikolai"]
[Result "1-0"]
[Board "24"]
[TimeControl "180+1"]
[WhiteFideId "13504398"]
[BlackFideId "4103360"]
[WhiteElo "2890"]
[BlackElo "2633"]
[WhiteTeam "FID"]
[BlackTeam "FID"]
[WhiteClock "0:00:03"]
[BlackClock "0:00:00"]

1. e4 Nc6 2. d4 d5 3. Nc3 e5 4. dxe5 d4 5. Nd5 f5 6. exf6 Nxf6 7. Nxf6+ Qxf6 8. Nf3 Bg4 9. h3 Bb4+ 10. Bd2 Bxd2+ 11. Kxd2 Qf4+ 12. Ke1 Qxe4+ 13. Qe2 Bxf3 14. gxf3 Qxe2+ 15. Bxe2 O-O 16. Bc4+ Kh8 17. Bd5 Rae8+ 18. Kd2 Ne5 19. Bxb7 Rb8 20. Be4 Nxf3+ 21. Kd3 Rxb2 22. Rhb1 Rxb1 23. Rxb1 Ng5 24. Kxd4 h5 25. f4 Ne6+ 26. Ke5 Nxf4 27. h4 Ne2 28. Bg6 Nf4 29. Be4 Ne2 30. Bg6 Nf4 31. Bf5 Ne2 32. Rb7 Re8+ 33. Kd5 Nc3+ 34. Kc4 Nxa2 35. Rxa7 Nc1 36. Bg6 1-0

[Event "December 12 Late 2023"]
[Site "https://www.chess.com"]
[Date "2023.12.12"]
[Round "5"]
[White "Szpar, Milosz"]
[Black "Gubajdullin, Alexei"]
[Result "1/2-1/2"]
[Board "25"]
[TimeControl "180+1"]
[WhiteFideId "1184989"]
[BlackFideId "4141202"]
[WhiteElo "2887"]
[BlackElo "2629"]
[WhiteTeam "POL"]
[BlackTeam "RUS"]
[WhiteClock "0:00:19"]
[BlackClock "0:00:15"]

1. Nf3 Nf6 2. c4 c5 3. Nc3 d5 4. cxd5 Nxd5 5. e4 Nb4 6. Bc4 Nd3+ 7. Ke2 Nf4+ 8. Kf1 Ne6 9. Ne2 Nc6 10. h4 h5 11. d3 g6 12. Be3 Bg7 13. Qd2 O-O 14. Bh6 Ned4 15. Bxg7 Kxg7 16. Nexd4 Nxd4 17. Nxd4 Qxd4 18. Rc1 Rd8 19. Qf4 e6 20. Qd2 Qxe4 21. Rh3 Qd4 22. Rf3 Bd7 23. Qg5 b5 24. Bb3 Bc6 25. Rf4 Qxb2 26. Re1 Rxd3 27. Rxf7+ Kxf7 28. Bxe6+ Kg7 29. Qe7+ Kh8 30. Qxc5 Qc3 31. Qg5 Qg7 32. Bb3 Rd7 33. Re6 Qa1+ 34. Re1 Qg7 35. Re6 Rf8 36. Kg1 Kh7 37. Rxc6 Re7 38. Rc1 Rfe8 39. Kh2 Qe5+ 40. Qxe5 Rxe5 41. g3 a5 42. Kg2 a4 43. Bc2 R5e6 44. Bd3 Rb6 45. a3 Re7 46. Rc5 Kg7 47. Bxb5 Ra7 48. Bd3 Rb3 49. Be4 Rxa3 50. Rc6 Ra1 51. Rxg6+ Kf8 52. Rh6 Ra5 53. Rh8+ Kg7 54. Rh7+ Kg8 55. Rd7 a3 56. Bd5+ Kf8 57. g4 Ke8 58. Bc6 Kf8 59. g5 a2 60. g6 Rg1+ 61. Kxg1 a1=Q+ 62. Kg2 Ra7 63. g7+ Qxg7+ 64. Rxg7 Kxg7 65. Be8 Kh6 66. Kg3 Ra3+ 67. f3 Ra8 68. Bf7 Rf8 69. Bc4 Rc8 70. Be6 Rc6 71. Bd5 Rd6 72. Be4 Rd4 73. Kf4 Rd6 74. Ke5 Rd1 75. Kf4 Rg1 76. Bf5 Rg7 77. Be6 Ra7 78. Kf5 Ra5+ 79. Kf4 Ra4+ 80. Kg3 Ra6 81. Bf5 Rb6 82. Be4 Rb4 83. Kf4 Rb2 84. Kg3 Kg7 85. Bc6 Kf6 86. Be8 Kg7 87. Bxh5 Kh6 88. Bg4 Rb4 89. f4 Rb3+ 90. Bf3 Rb8 91. Bg4 Rb4 92. f5 Rb5 93. Kf4 Rxf5+ 94. Kxf5 Kg7 95. Kg5 Kh8 96. h5 Kg7 97. h6+ Kh8 98. Bf5 Kg8 99. Kf6 Kh8 100. Ke7 Kg8 101. Kd6 Kh8 102. Ke5 Kg8 103. Kf4 Kh8 104. Kg5 Kg8 105. Kh4 Kh8 106. Kg3 Kg8 107. Kf2 Kh8 108. Ke3 Kg8 109. Kd2 Kh8 110. Kc3 Kg8 111. Kd4 Kh8 112. Kc5 Kg8 113. Kd6 Kh8 114. Ke6 Kg8 115. Kf6 Kh8 116. h7 1/2-1/2

[Event "December 12 Late 2023"]
[Site "https://www.chess.com"]
[Date "2023.12.12"]
[Round "5"]
[White "Golubev, Mikhail"]
[Black "Rodrigue-Lemieux, Shawn"]
[Result "0-1"]
[Board "26"]
[TimeControl "180+1"]
[WhiteFideId "14100983"]
[BlackFideId "2620049"]
[WhiteElo "2624"]
[BlackElo "2886"]
[WhiteTeam "UKR"]
[BlackTeam "CAN"]
[WhiteClock "0:00:38"]
[BlackClock "0:01:34"]

1. e4 c5 2. Nf3 b6 3. d4 cxd4 4. Nxd4 Bb7 5. Nc3 e6 6. Bd3 Nc6 7. Nxc6 Bxc6 8. O-O Ne7 9. Re1 Ng6 10. Qh5 Qh4 11. Qxh4 Nxh4 12. Bf4 g5 13. Be5 Rg8 14. Nb5 Ke7 15. Bd6+ Kf6 16. e5+ Kg7 17. Be4 Bxb5 18. Bxa8 Bxd6 19. exd6 Rxa8 20. Re5 Bc6 21. Rxg5+ Kf6 22. Rg4 Nf5 23. Rd1 b5 24. f4 Ne3 0-1

[Event "December 12 Late 2023"]
[Site "https://www.chess.com"]
[Date "2023.12.12"]
[Round "5"]
[White "Olsen, Filip Boe"]
[Black "Demchenko, Anton"]
[Result "0-1"]
[Board "27"]
[TimeControl "180+1"]
[WhiteFideId "1440640"]
[BlackFideId "4160258"]
[WhiteElo "2619"]
[BlackElo "2880"]
[WhiteTeam "DEN"]
[BlackTeam "SLO"]
[WhiteClock "0:00:00"]
[BlackClock "0:00:06"]

1. c4 Nf6 2. Nc3 d6 3. e4 e5 4. g3 g6 5. Bg2 Bg7 6. d3 O-O 7. Nge2 c6 8. O-O a6 9. a4 a5 10. h3 Na6 11. Be3 Nd7 12. Kh2 Ndc5 13. f4 Qe7 14. f5 Nb4 15. Nc1 Bd7 16. g4 Bf6 17. Qd2 g5 18. h4 h6 19. Rh1 Kg7 20. Bf3 Rh8 21. Rg1 gxh4 22. g5 hxg5 23. Bxg5 Bxg5 24. Rxg5+ Kf8 25. Rg1 Qf6 26. N3a2 Qh6 27. Qxh6+ Rxh6 28. Nxb4 axb4 29. b3 Ke7 30. Ra2 Rhh8 31. Rag2 b5 32. axb5 cxb5 33. f6+ Kxf6 34. Rf2 Ke7 35. Rg7 Kf8 36. Rg1 bxc4 37. dxc4 Ke7 38. Rgf1 Be6 39. Bg4 Nxe4 40. Rf3 Ng5 41. R3f2 Bxg4 42. Nd3 f5 43. Nxb4 e4 44. Nd5+ Ke6 45. Ne3 Nf3+ 46. Kh1 h3 47. Rd1 Ra3 48. Re2 Rxb3 49. Nxg4 fxg4 50. Rxe4+ Kf5 51. Re2 Rhb8 52. c5 Rb1 0-1

[Event "December 12 Late 2023"]
[Site "https://www.chess.com"]
[Date "2023.12.12"]
[Round "5"]
[White "Olenik Campa, Rudi"]
[Black "Popov, Konstantin"]
[Result "1-0"]
[Board "28"]
[TimeControl "180+1"]
[WhiteFideId "14633264"]
[BlackFideId "34137910"]
[WhiteElo "2618"]
[BlackElo "2872"]
[WhiteTeam "SLO"]
[BlackTeam "FID"]
[WhiteClock "0:00:17"]
[BlackClock "0:00:07"]

1. e4 c5 2. Nf3 d6 3. d4 Nf6 4. Nc3 cxd4 5. Nxd4 a6 6. g3 e5 7. Nde2 Be7 8. a4 Nc6 9. Bg2 O-O 10. O-O Nb4 11. b3 Qb6 12. Ba3 a5 13. Nb5 Bd7 14. c4 Bxb5 15. axb5 Nd7 16. Nc3 Nc5 17. Na4 Nxa4 18. bxa4 Rfc8 19. Rc1 Rc7 20. Qb3 Rac8 21. Rfd1 Na6 22. Bh3 Rd8 23. Rd5 Nc5 24. Bxc5 Rxc5 25. Rcd1 g6 26. Qe3 Qc7 27. Rxc5 dxc5 28. Rd3 Rd4 29. Rxd4 cxd4 30. Qd3 Qc5 31. Bg4 Qb4 32. Bd1 b6 33. Kg2 h5 34. h4 Kg7 35. Qb3 Qe1 36. Qc2 Bc5 37. Qd3 Kf8 38. Bb3 Ke7 39. Bc2 f6 40. Bd1 Qb4 41. Bc2 Qb2 42. Qb3 Qc1 43. Qd3 Bb4 44. Bb3 Bc3 45. c5 Be1 46. cxb6 Kd6 47. Qf3 Ke7 48. b7 Qc7 49. Bd5 Bb4 50. b6 Qxb6 51. g4 hxg4 52. Qxg4 d3 53. Qxg6 Bd6 54. Qf7+ Kd8 55. Qxf6+ Kc7 56. Qf7+ Kd8 57. Qg8+ Kc7 58. Qc8# 1-0

[Event "December 12 Late 2023"]
[Site "https://www.chess.com"]
[Date "2023.12.12"]
[Round "5"]
[White "Zwirs, Nico"]
[Black "Mendez Fortes, Eduardo Jesus"]
[Result "1-0"]
[Board "29"]
[TimeControl "180+1"]
[WhiteFideId "1036432"]
[BlackFideId "3502376"]
[WhiteElo "2858"]
[BlackElo "2610"]
[WhiteTeam "NED"]
[BlackTeam "CUB"]
[WhiteClock "0:01:51"]
[BlackClock "0:01:02"]

1. e4 c5 2. Nf3 d6 3. d4 cxd4 4. Nxd4 Nf6 5. Nc3 a6 6. Bg5 Nbd7 7. Bc4 Qb6 8. Bb3 e6 9. a4 Be7 10. a5 Qc7 11. Bxe6 fxe6 12. Nxe6 Qc6 13. Nxg7+ Kf7 14. Nf5 Qc4 15. Qxd6 Qxc3+ 16. bxc3 Bxd6 17. Nxd6+ Ke6 18. O-O-O Ng4 19. f4 Nf2 20. f5+ Ke5 21. Rd5# 1-0

[Event "December 12 Late 2023"]
[Site "https://www.chess.com"]
[Date "2023.12.12"]
[Round "5"]
[White "Janaszak, Dawid"]
[Black "Gabuzyan, Hovhannes"]
[Result "0-1"]
[Board "31"]
[TimeControl "180+1"]
[WhiteFideId "1119206"]
[BlackFideId "13303732"]
[WhiteElo "2593"]
[BlackElo "2840"]
[WhiteTeam "POL"]
[BlackTeam "ARM"]
[WhiteClock "0:00:00"]
[BlackClock "0:00:32"]

1. e4 c5 2. Nc3 e6 3. f4 d5 4. Nf3 dxe4 5. Nxe4 Be7 6. Bb5+ Bd7 7. Bxd7+ Nxd7 8. Qe2 Ngf6 9. f5 Qb6 10. fxe6 Qxe6 11. Nxf6+ Bxf6 12. Qxe6+ fxe6 13. Rb1 b5 14. d3 Nb6 15. Be3 c4 16. Nd4 Nd5 17. Bf2 cxd3 18. cxd3 Kd7 19. O-O a6 20. Rfe1 Rhe8 21. Nb3 Ke7 22. Nc5 Kf7 23. Ne4 Be7 24. Rbc1 Rac8 25. a3 Nf4 26. Rcd1 Rc2 27. Bg3 Ne2+ 28. Kh1 Nxg3+ 29. hxg3 Rxb2 30. Rf1+ Kg8 31. Rc1 Bxa3 32. Rc6 a5 33. Ra6 Bb4 34. Ra7 a4 35. Rff7 Bf8 36. Nd6 Rd8 37. Ne4 a3 38. Ng5 Re8 39. Kh2 a2 40. Rfb7 b4 41. Nf7 b3 42. Nd6 Rd8 43. Nc4 Rb1 44. Nd2 a1=Q 0-1

[Event "December 12 Late 2023"]
[Site "https://www.chess.com"]
[Date "2023.12.12"]
[Round "5"]
[White "Dragomirescu, Robin-Alexandru"]
[Black "Kazakouski, Valery"]
[Result "1/2-1/2"]
[Board "32"]
[TimeControl "180+1"]
[WhiteFideId "1213849"]
[BlackFideId "13507443"]
[WhiteElo "2570"]
[BlackElo "2827"]
[WhiteTeam "ROU"]
[BlackTeam "LTU"]
[WhiteClock "0:00:11"]
[BlackClock "0:00:04"]

1. b3 d5 2. Bb2 Bg4 3. g3 e6 4. Bg2 Nf6 5. Nf3 Nbd7 6. h3 Bh5 7. c4 c6 8. O-O Bd6 9. d3 O-O 10. Nbd2 e5 11. Nh4 Re8 12. g4 Bg6 13. cxd5 Nxd5 14. Nxg6 hxg6 15. Nc4 Bc7 16. e3 Nc5 17. Nxe5 Bxe5 18. Bxe5 Rxe5 19. d4 Rxe3 20. dxc5 Re5 21. Qd4 Qf6 22. f4 Re2 23. Qxf6 Nxf6 24. Rf2 Rae8 25. Rd1 Re1+ 26. Rf1 R1e2 27. Rf2 Kf8 28. Kf1 Rxf2+ 29. Kxf2 Ke7 30. Re1+ Kd8 31. Rxe8+ Kxe8 32. Ke3 Kd7 33. Kd4 Nh7 34. g5 Nf8 35. b4 Ne6+ 36. Ke5 Nc7 37. Bf1 Ke7 38. Bc4 f6+ 39. Ke4 Ne6 40. h4 f5+ 41. Ke5 Nf8 42. a4 Nd7+ 43. Kd4 Nf8 44. b5 Nd7 45. bxc6 bxc6 46. Be2 a5 47. Bf3 Nb8 48. h5 gxh5 49. Bxh5 Nd7 50. Bf3 Nb8 51. Ke5 g6 52. Kd4 Ke6 53. Be2 Ke7 54. Bc4 Nd7 55. Bb3 Nf8 56. Ke5 Nd7+ 57. Kd4 Nb8 58. Bc4 Nd7 59. Ba6 Nf8 60. Bc4 Ne6+ 61. Bxe6 Kxe6 62. Kc4 Ke7 63. Kc3 Ke6 64. Kd4 Kd7 65. Kc4 Ke6 66. Kd4 Kd7 67. Kc4 Ke6 68. Kd4 1/2-1/2

[Event "December 12 Late 2023"]
[Site "https://www.chess.com"]
[Date "2023.12.12"]
[Round "5"]
[White "Holt, Conrad"]
[Black "Play, Gilles"]
[Result "1-0"]
[Board "33"]
[TimeControl "180+1"]
[WhiteFideId "2034387"]
[BlackFideId "45130892"]
[WhiteElo "2804"]
[BlackElo "2568"]
[WhiteTeam "USA"]
[BlackTeam "FRA"]
[WhiteClock "0:01:32"]
[BlackClock "0:01:32"]

1. d4 d5 2. c4 Nf6 3. cxd5 Nxd5 4. e4 Nf6 5. e5 Nd5 6. Nc3 Bf5 7. g4 Nxc3 8. bxc3 Be4 9. f3 Bc6 10. e6 fxe6 11. Nh3 g6 12. Ng5 Qd6 13. Bc4 Bd5 14. Qe2 Nc6 15. Nxe6 Kd7 16. Nc5+ Kc8 17. Nxb7 Qd7 18. Ba6 Kb8 19. Nc5 1-0

[Event "December 12 Late 2023"]
[Site "https://www.chess.com"]
[Date "2023.12.12"]
[Round "5"]
[White "Volodin, Aleksandr"]
[Black "Silva, Kaua Marques"]
[Result "1-0"]
[Board "34"]
[TimeControl "180+1"]
[WhiteFideId "4501950"]
[BlackFideId "22701168"]
[WhiteElo "2797"]
[BlackElo "2551"]
[WhiteTeam "EST"]
[BlackTeam "BRA"]
[WhiteClock "0:00:18"]
[BlackClock "0:00:14"]

1. d4 c5 2. d5 e6 3. c4 Nf6 4. Nc3 b5 5. Nxb5 exd5 6. cxd5 d6 7. Nc3 Bf5 8. e4 Bg6 9. Nf3 Nbd7 10. Bd3 Be7 11. O-O O-O 12. Re1 Re8 13. h3 h6 14. Bf4 Bf8 15. Nh4 Bxe4 16. Bxe4 Nxe4 17. Nxe4 Qxh4 18. Bg3 Qd8 19. Nxd6 Rxe1+ 20. Qxe1 Nb6 21. Nxf7 Qxd5 22. Ne5 Re8 23. b3 c4 24. Rd1 Qe6 25. Qc3 cxb3 26. Qxb3 Qxb3 27. axb3 Bb4 28. Nc6 Bc5 29. Nxa7 Re2 30. Nc6 Rb2 31. Rd3 Rb1+ 32. Kh2 Rb2 33. Rf3 Nd7 34. Ne5 Nxe5 35. Bxe5 Rxf2 36. Rxf2 Be3 37. Rf3 1-0

[Event "December 12 Late 2023"]
[Site "https://www.chess.com"]
[Date "2023.12.12"]
[Round "5"]
[White "Ghasi, Ameet K"]
[Black "Roberson, Peter T"]
[Result "1-0"]
[Board "35"]
[TimeControl "180+1"]
[WhiteFideId "409200"]
[BlackFideId "412384"]
[WhiteElo "2793"]
[BlackElo "2551"]
[WhiteTeam "ENG"]
[BlackTeam "ENG"]
[WhiteClock "0:00:04"]
[BlackClock "0:00:00"]

1. g3 h5 2. h3 e5 3. Bg2 h4 4. g4 Ne7 5. c4 d5 6. cxd5 Nxd5 7. d3 Nc6 8. Nc3 Be6 9. Bd2 Qd7 10. Nf3 Be7 11. Rc1 f6 12. Ne4 b6 13. a3 Nd4 14. e3 Nxf3+ 15. Bxf3 c5 16. Qe2 Rd8 17. Rd1 O-O 18. O-O f5 19. gxf5 Bxf5 20. Bg4 Nf6 21. Nxf6+ Rxf6 22. Bc3 Rg6 23. f3 Bxd3 24. Qh2 c4 25. Qxe5 Bc5 26. Kh1 Qe8 27. Qh5 Bxe3 28. Rfe1 Rg5 29. Qxh4 Rdd5 30. Qg3 Rde5 31. f4 Bxf4 32. Qxf4 Rxe1+ 33. Rxe1 Qd8 34. Kh2 Rd5 35. Be6+ Kh8 36. Bxd5 Qd6 37. Re8+ 1-0

[Event "December 12 Late 2023"]
[Site "https://www.chess.com"]
[Date "2023.12.12"]
[Round "5"]
[White "Silva Lucena, Cristian"]
[Black "Postny, Evgeny"]
[Result "1/2-1/2"]
[Board "36"]
[TimeControl "180+1"]
[WhiteFideId "2232588"]
[BlackFideId "2804344"]
[WhiteElo "2549"]
[BlackElo "2769"]
[WhiteTeam "ESP"]
[BlackTeam "ISR"]
[WhiteClock "0:00:47"]
[BlackClock "0:00:05"]

1. d4 f5 2. e3 Nf6 3. Nf3 g6 4. Be2 Bg7 5. O-O O-O 6. c4 d6 7. Nc3 c6 8. b4 a5 9. b5 Nbd7 10. a4 c5 11. Bb2 Kh8 12. d5 Ng4 13. Qc2 Qe8 14. Ng5 Nde5 15. Ne6 Bxe6 16. dxe6 g5 17. Nd5 Qg6 18. Nxe7 Qxe6 19. Nd5 Rf7 20. h3 Nf6 21. f4 gxf4 22. exf4 Ng6 23. Nxf6 Bxf6 24. Bxf6+ Qxf6 25. Bh5 Re8 26. Rad1 Rfe7 27. Rd5 Re4 28. Bxg6 hxg6 29. Rfd1 R8e6 30. Qd3 Rxf4 31. Rxd6 Rxd6 32. Qxd6 Qxd6 33. Rxd6 Rxc4 34. Rd8+ Kg7 35. Rd7+ Kf6 36. Rxb7 Rxa4 37. Rc7 c4 38. b6 Rb4 39. b7 c3 40. Rc6+ Kg5 41. Rxc3 Rxb7 42. Ra3 Ra7 43. Ra4 Kf6 44. Kf2 Ke5 45. Kf3 g5 46. g3 Kd5 47. h4 gxh4 48. gxh4 Kc5 49. Kf4 Kb5 50. Ra2 Rh7 51. Kg5 a4 52. h5 Kb4 53. h6 Kb3 54. Ra1 a3 55. Kg6 Rh8 56. Kg7 Ra8 57. h7 Kb2 58. Rf1 a2 59. Rf2+ Kb3 60. Rf3+ Kc4 61. Rf4+ Kc3 62. Rf3+ Kb2 63. Rf2+ Kb3 64. Rf3+ Kc2 65. Rf2+ Kb1 66. Rf1+ Kc2 67. Rf2+ Kb3 1/2-1/2

[Event "December 12 Late 2023"]
[Site "https://www.chess.com"]
[Date "2023.12.12"]
[Round "5"]
[White "Kozak, Antoni"]
[Black "Ferreira, Vitor Hugo Vieira"]
[Result "1-0"]
[Board "37"]
[TimeControl "180+1"]
[WhiteFideId "21832030"]
[BlackFideId "2119765"]
[WhiteElo "2767"]
[BlackElo "2542"]
[WhiteTeam "POL"]
[BlackTeam "BRA"]
[WhiteClock "0:00:52"]
[BlackClock "0:00:50"]

1. e4 c5 2. Nf3 d6 3. c3 Nf6 4. Bd3 e6 5. Bc2 Nbd7 6. d4 Qc7 7. O-O b6 8. d5 e5 9. Nh4 Ba6 10. Re1 g6 11. f4 Bg7 12. f5 O-O 13. Be3 Kh8 14. Nd2 Ng8 15. Qg4 Ndf6 16. Qh3 Bh6 17. Bxh6 Nxh6 18. Nxg6+ fxg6 19. Qxh6 gxf5 20. exf5 Nxd5 21. Ne4 Rad8 22. Ng5 Nf4 23. f6 Bd3 24. Bxd3 Nxd3 25. Ne6 Qd7 26. Qg7+ Qxg7 27. fxg7+ Kg8 28. gxf8=Q+ Rxf8 29. Nxf8 Nxe1 30. Rxe1 1-0

[Event "December 12 Late 2023"]
[Site "https://www.chess.com"]
[Date "2023.12.12"]
[Round "5"]
[White "Atakhan, Abtin"]
[Black "Osmak, Yuliia"]
[Result "0-1"]
[Board "38"]
[TimeControl "180+1"]
[WhiteFideId "22502203"]
[BlackFideId "14101602"]
[WhiteElo "2761"]
[BlackElo "2535"]
[WhiteTeam "IRI"]
[BlackTeam "UKR"]
[WhiteClock "0:00:08"]
[BlackClock "0:00:40"]

1. c4 e5 2. Nc3 Bb4 3. Nd5 Be7 4. d4 exd4 5. Qxd4 Nf6 6. Nxe7 Qxe7 7. Bg5 Nc6 8. Bxf6 Nxd4 9. Bxe7 Kxe7 10. O-O-O Nc6 11. Nf3 d6 12. e3 Bg4 13. Be2 Ne5 14. Rd4 Bxf3 15. gxf3 Nc6 16. Re4+ Kd7 17. Rg1 g6 18. c5 Rae8 19. Rxe8 Rxe8 20. Rd1 Re5 21. cxd6 cxd6 22. f4 Rc5+ 23. Kb1 Ke7 24. Bf3 Nd8 25. b3 b6 26. Kb2 Ne6 27. b4 Rc7 28. a4 Ng7 29. b5 Ne6 30. Ra1 Rc4 31. Bd5 Rc5 32. Rd1 Nc7 33. Bf3 Ne6 34. Kb3 g5 35. fxg5 Rxg5 36. Be4 Nc5+ 37. Kb4 Nxe4 0-1

[Event "December 12 Late 2023"]
[Site "https://www.chess.com"]
[Date "2023.12.12"]
[Round "5"]
[White "Adewumi, Tanitoluwa"]
[Black "Morris-Suzuki, Alan H"]
[Result "1-0"]
[Board "39"]
[TimeControl "180+1"]
[WhiteFideId "30966396"]
[BlackFideId "30933218"]
[WhiteElo "2749"]
[BlackElo "2534"]
[WhiteTeam "USA"]
[BlackTeam "USA"]
[WhiteClock "0:02:01"]
[BlackClock "0:00:15"]

1. e4 c5 2. Nf3 d6 3. Bb5+ Nd7 4. c3 Nf6 5. Bd3 g6 6. Bc2 e5 7. d4 cxd4 8. cxd4 exd4 9. Nxd4 Bg7 10. Nc3 O-O 11. O-O Re8 12. Ndb5 Nc5 13. Nxd6 Bg4 14. f3 Re6 15. Ndb5 Qb6 16. Be3 a6 17. b4 axb5 18. Bxc5 1-0